 Dungeon Crawl Stone Soup version 0.31-a0-640-g39d97e502b (webtiles) character file.

Game seed: 13195302918753163795

5 Babbit the Conjurer (level 1, -2/9 HPs)
             Began as a Spriggan Conjurer on Aug 27, 2023.
             Slain by a hobgoblin (3 damage)
             ... on level 1 of the Dungeon.
             The game lasted 00:02:22 (194 turns).

Babbit the Conjurer (Spriggan Conjurer)              Turns: 194, Time: 00:02:23

Health: -2/9       AC:  2    Str:  3    XL:     1   Next: 66%
Magic:  1/5        EV: 14    Int: 19    God:
Gold:   36         SH:  0    Dex: 13    Spells: 4/5 levels left

rFire   . . .        (weapon restricted)
rCold   . . .        (no shield)
rNeg    . . .        a - +0 robe
rPois   .            (helmet restricted)
rElec   .            (no cloak)
rCorr   .            (gloves unavailable)
SInv    +            (boots unavailable)
Will    .....        (no amulet)
Stlth   ++           (no ring)
HPRegen 0.21/turn    (no ring)
MPRegen 0.09/turn

%: no passive effects
@: weak-willed, constricted, very quick
A: very small, no large weapons, unfitting armour, see invisible, speed 3
a: no special abilities


You were on level 1 of the Dungeon.
You visited 1 branch of the dungeon, and saw 1 of its levels.

You collected 36 gold pieces.

Inventory:

Armour
 a - a +0 robe (worn)
Scrolls
 c - a scroll of identify {unknown}
 e - 2 scrolls of vulnerability
Potions
 b - a potion of magic
 d - a potion of degeneration {unknown}


   Skills:
 + Level 2.7 Dodging
 + Level 3.0 Stealth
 + Level 2.7 Spellcasting
 + Level 3.1 Conjurations


You had 4 spell levels left.
You knew the following spells:

 Your Spells              Type           Power      Damage    Failure   Level
a - Magic Dart            Conj           56%        1d5       4%          1

Your spell library contained the following spells:

 Spells                   Type           Power      Damage    Failure   Level
 Searing Ray              Conj           28%        2d5       6%          2
 Dazzling Flash           Conj/Hex       16%        N/A       24%         3
 Fulminant Prism          Conj/Hex       4%         3d5       63%         4
 Iskenderun's Mystic Bla  Conj/Tloc      8%         2d4       63%         4


Dungeon Overview and Level Annotations

Branches:
Dungeon (1/15)

Altars:


Innate Abilities, Weirdness & Mutations

You are very small and have problems with some larger weapons.
You are too small for most types of armour.
You have supernaturally acute eyesight. (SInv)
You cover ground extremely quickly. (Speed+++)


Message History

The jackal barely misses you. The bat hits you but does no damage.
The ball python hisses angrily.
You hit the jackal but do no damage.
The jackal is severely wounded.
The bat closely misses you. The hobgoblin misses you.
The jackal completely misses you.
You hit the jackal.
The jackal is almost dead.
The bat misses you. The jackal closely misses you.
The hobgoblin closely misses you.
A rat comes into view.
The jackal bites you.
Your magical contamination has completely faded away.
You closely miss the jackal.
The jackal is almost dead.
The bat completely misses you. The hobgoblin misses you.
The jackal closely misses you.
You barely miss the jackal.
The jackal is almost dead.
The bat misses you. The jackal closely misses you. The hobgoblin misses you.
The jackal misses you.
You hit the jackal.
You kill the jackal!
The bat completely misses you. The hobgoblin hits you.
The ball python bites you but does no damage.
The ball python closely misses you.
You hit the hobgoblin but do no damage. The bat misses you.
The hobgoblin hits you.
* * * LOW HITPOINT WARNING * * *
The ball python barely misses you. x2
You hit the hobgoblin but do no damage. The bat completely misses you.
The ball python closely misses you. The ball python barely misses you.
The hobgoblin misses you. The ball python completely misses you.
The ball python grabs you. The ball python constricts you.
You hit the hobgoblin but do no damage. The bat closely misses you.
The hobgoblin barely misses you. The bat barely misses you.
The ball python bites you but does no damage.
The ball python constricts you.
You barely miss the ball python. The hobgoblin hits you.
You die...

#.... #. #.... .##
#....###.[
#....#.#.###
#...!..r...
##.......##
.#....S.g..#
.......@...#
#..........#
.....b.....#######
.#................
#.##...............
#............######
#. ####........##..#
#..##.........####.##
#.#............##.#


You could see a hobgoblin (weak-willed), a bat (weak-willed), a ball python and
a rat.

Vanquished Creatures
  An endoplasm (D:1)
  3 jackals (D:1)
4 creatures vanquished.

Notes
Turn   | Place    | Note
-------+----------+-------------------------------------------
     0 | D:1      | Babbit the Spriggan Conjurer began the quest for the Orb.
     0 | D:1      | Reached XP level 1. HP: 9/9 MP: 5/5
   194 | D:1      | Slain by a hobgoblin

Illustrated notes

Levels and vault maps discovered:
D:1:      eino_arrival_druids_welcome, layout_rooms, serial_shops,
          shop_fountains, minmay_heptomino_h4

Skill      XL: |  1 |
---------------+----+-----
Conjurations   | 3 |  3.1
Dodging        | |  2.7
Stealth        | |  3.0
Spellcasting   | |  2.7

Action                     || total
---------------------------++-------
  Melee: Unarmed           ||    10
   Cast: Magic Dart        ||    13
    Use: Scroll            ||     1
 Armour: Robe              ||     7
  Dodge: Dodged            ||    34

Table legend: (Time is in decaauts)
 A = Elapsed time spent in this place.
 B = Non-inter-level travel time spent in this place.
 C = Inter-level travel time spent in this place.
 D = Time resting spent in this place.
 E = Time spent auto-exploring this place.
 F = Levels seen in this place.
 G = Mean time per level.
                   A        B        C        D        E       F      G
               +--------+--------+--------+--------+--------+-----+--------+
         Total |    164 |    164 |      0 |     90 |     23 |   1 |  164.0 |
       Dungeon |    164 |    164 |      0 |     90 |     23 |   1 |  164.0 |
               +--------+--------+--------+--------+--------+-----+--------+

Top non-repeatable levels by time:
     D:1: 164 daAuts
